 Dungeon Crawl Stone Soup version 0.25-a0-316-gd28d56f9c5 (webtiles) character file.

Game seed: 13825603418235919590, levelgen mode: classic

24 Borgoz the Skirmisher (level 3, 16/23 HPs)
             Began as a Gargoyle Monk on Dec 25, 2019.
             Quit the game on level 1 of the Dungeon.
             The game lasted 00:00:34 (204 turns).

Borgoz the Skirmisher (Gargoyle Monk)                Turns: 204, Time: 00:00:34

Health: 16/23      AC:  5    Str: 14    XL:     3   Next: 2%
Magic:  3/3        EV: 13    Int: 10    God:
Gold:   37         SH:  0    Dex: 13    Spells: 2/2 levels left

rFire    . . .     SeeInvis .   a - +0 hand axe
rCold    . . .     Gourm    .   (no shield)
rNeg     + . .     Faith    .   b - +0 robe
rPois    ∞         Spirit   .   (no helmet)
rElec    +         Reflect  .   (no cloak)
rCorr    .         Harm     .   (no gloves)
MR       .....                  (no boots)
Stlth    ++........             (no amulet)
HPRegen  0.07/turn              (no ring)
MPRegen  0.08/turn              (no ring)

@: no status effects
A: negative energy resistance 1, electricity resistance, unbreathing,
petrification resistance, rot immunity, AC +3
a: no special abilities


You were on level 1 of the Dungeon.
You were not hungry.

You visited 1 branch of the dungeon, and saw 1 of its levels.

You collected 37 gold pieces.

Inventory:

Hand Weapons
 a - a +0 hand axe (weapon)
Armour
 b - a +0 robe (worn)
Scrolls
 e - a scroll of teleportation {unknown}
 f - a scroll of remove curse {unknown}
 g - a scroll of identify {unknown}
Comestibles
 c - a ration
 d - 3 chunks of flesh


   Skills:
 - Level 3.2 Fighting
 + Level 3.0 Axes
 + Level 1.4 Armour
 + Level 2.7 Dodging
 - Level 2.1 Stealth


You had 2 spell levels left.
You didn't know any spells.
Your spell library was empty.

Dungeon Overview and Level Annotations

Branches:
Dungeon (1/15)

Altars:


Innate Abilities, Weirdness & Mutations

You are resistant to torment.
Your stone body is resilient. (AC +3)
You are immune to poison.
You resist negative energy. (rN+)
You are resistant to electric shocks. (rElec)
You can survive without breathing.
You are immune to petrification.
You are immune to rotting.


Message History

No target in view!
You see here a kobold corpse.
Things that are here:
a +0 whip; 2 stones; a kobold corpse The kobold corpse isn't edible.
g - a scroll labeled KURUMN KE WIJU A leopard gecko comes into view.
A leopard gecko is nearby!
Found a robe.
The helpless leopard gecko fails to defend itself.
You hit the leopard gecko.
The leopard gecko is moderately wounded.
The leopard gecko misses you.
You hit the leopard gecko.
You kill the leopard gecko!
You have reached level 3!
Your experience leads to an increase in your attributes!
Increase (S)trength, (I)ntelligence, or (D)exterity?
You feel agile.
Are you sure you want to abandon this character and quit the game? (Confirm with "yes".)

#.####..###.##.##.##..#
#..# ####.##.##..## #
####..######.##.##...####
#.........##.#.#.....)...
#.##..###.##.##.##...####
# #..# .##.######.#####
##..# ....# #......
#...###..#.# #.#####
#.#...@....# ####§.## #
#$####.†.### #.§§...# #
#. #.......##≈≈#'.# # ..
###..[..#...§#.# # ..
....§≈....§.# ...
...(.≈.⌠..≈.#
....§§....≈.#
.....#....#.###
####≈≈###≈≈###...


There were no monsters in sight!

Vanquished Creatures
  An ooze (D:1)
  A leopard gecko (D:1)
  2 ball pythons (D:1)
  A giant cockroach (D:1)
  3 goblins (D:1)
  2 hobgoblins (D:1)
  4 kobolds (D:1)
  2 frilled lizards (D:1)
  A rat (D:1)
17 creatures vanquished.

Notes
Turn   | Place    | Note
-------+----------+-------------------------------------------
     0 | D:1      | Borgoz the Gargoyle Monk began the quest for the Orb.
     0 | D:1      | Reached XP level 1. HP: 14/14 MP: 1/1
    70 | D:1      | Reached XP level 2. HP: 19/19 MP: 2/2
    80 | D:1      | Reached skill level 1 in Armour
   203 | D:1      | Reached XP level 3. HP: 16/23 MP: 3/3
   204 | D:1      | Quit the game

Levels and vault maps discovered:
D:1:      dpeg_arrival_rooms_with_view, layout_loops_ring

Skill      XL: |  1  2 |
---------------+-------+-----
Armour         | 1 |  1.4
Axes           | 3 |  3.0
Fighting       | |  3.2
Dodging        | |  2.7
Stealth        | |  2.1

Action                   || total
-------------------------++-------
Melee: Hand axe          ||    49
 Stab: Sleeping          ||     2
Armor: Robe              ||    10
Dodge: Dodged            ||    50

Table legend:
 A = Non-vault XP
 B = Vault XP
 C = Vault XP percentage of total XP
 D = Non-vault monster count
 E = Vault monster count
 F = Vault count percentage of total count
                 A         B        C        D         E       F
            +---------+---------+-------+---------+---------+-------
      Total |      30 |       5 |  14.3 |      15 |       2 |  11.8
            +---------+---------+-------+---------+---------+-------
        D:1 |      30 |       5 |  14.3 |      15 |       2 |  11.8
            +---------+---------+-------+---------+---------+-------
